 Dungeon Crawl Stone Soup version 0.22-a0-609-gfedc9ff (webtiles) character file.

93 Hebeh the Magician (level 4, -3/25 HPs)
             Began as a Deep Elf Fire Elementalist on July 10, 2018.
             Slain by Natasha (8 damage)
             ... on level 2 of the Dungeon.
             The game lasted 00:04:45 (1277 turns).

Hebeh the Magician (Deep Elf Fire Elementalist)     Turns: 1277, Time: 00:04:46

Health: -3/25      AC:  2    Str:  6    XL:     4   Next: 36%
Magic:  6/12       EV: 13    Int: 20    God:
Gold:   96         SH:  0    Dex: 15    Spells: 10/11 levels left

rFire    . . .     SeeInvis .   i - +1 spear (pain)
rCold    . . .     Gourm    .   (no shield)
rNeg     . . .     Faith    .   a - +0 robe
rPois    .         Spirit   .   (no helmet)
rElec    .         Reflect  .   (no cloak)
rCorr    .         Harm     .   (no gloves)
MR       .....                  (no boots)
Stlth    ++........             (no amulet)
HPRegen  0.08/turn              (no ring)
MPRegen  0.13/turn              (no ring)

@: lethally poisoned (-3 -> -7)
A: no striking features
a: no special abilities


You were on level 2 of the Dungeon.
You were not hungry.

You visited 1 branch of the dungeon, and saw 2 of its levels.

You collected 96 gold pieces.

Inventory:

Hand Weapons
 d - a +0 short sword
 i - a +1 spear of pain (weapon)
Missiles
 b - 62 stones (quivered)
 l - 6 tomahawks
Armour
 a - a +0 robe (worn)
Scrolls
 e - a scroll of random uselessness {unknown}
 f - a scroll of teleportation {unknown}
 g - 2 scrolls of remove curse {unknown}
 k - a scroll of noise {unknown}
Potions
 h - a potion of agility {unknown}
Comestibles
 c - 3 rations
 j - 3 chunks of flesh


   Skills:
 + Level 1.0 Fighting
 - Level 2.4 Dodging
 - Level 2.4 Stealth
 * Level 4.2 Spellcasting
 * Level 2.5 Conjurations
 * Level 4.1 Fire Magic


You had 10 spell levels left.
You knew the following spells:

 Your Spells              Type           Power        Failure   Level  Hunger
a - Flame Tongue          Conj/Fire      ###..        3%          1    None

Your spell library contained the following spells:

 Spells                   Type           Power        Failure   Level  Hunger
 Fireball                 Conj/Fire      ###.......   65%         5    ######.
 Conjure Flame            Conj/Fire      ###.....     10%         3    ###....
 Throw Flame              Conj/Fire      ###...       4%          2    #......
 Sticky Flame             Conj/Fire      ###.....     30%         4    ####...
 Inner Flame              Hex/Fire       ##......     16%         3    ###....


Dungeon Overview and Level Annotations

Branches:
Dungeon (2/15)

Altars:
Ashenzari
Elyvilon
Gozag
Kikubaaqudgha
Qazlal
The Shining One

Annotations:
D:2 Natasha


Message History

Press: ? - help, Shift-Dir - straight line, f/p - adder
Aim: an adder (almost dead)
The flame tongue misses the adder.
You feel sick. The adder barely misses you.
Casting: Flame Tongue (safe; 3% risk of failure)
Confirm with . or Enter, or press ? or * to list all spells.
Aiming: Flame Tongue (safe; 3% risk of failure)
Press: ? - help, Shift-Dir - straight line, f/p - adder
Aim: an adder (almost dead)
The flame tongue hits the adder.
You kill the adder!
Your Fighting skill increases to level 1!
Natasha claws you!
* * * LOW HITPOINT WARNING * * *
Casting: Flame Tongue (safe; 3% risk of failure)
Confirm with . or Enter, or press ? or * to list all spells.
Aiming: Flame Tongue (safe; 3% risk of failure)
Press: ? - help, Shift-Dir - straight line, f - Natasha
Aim: Natasha The flame tongue misses Natasha.
Natasha claws you!
You die...

.#.#.#.#.⌠# .........##
(.. .........## #.#
.#.#.#)#._# #(#
_#_#####_## ##(##
########## #...#
........# #...#
..####..# #...#
#)##....# #####.@h####
..##.##.###...........#
#.##.##.................
#.........#...........#.
#....##.#.#####...#####
.....##.#.# #...#
##......#.# #.>.#
##..##..#.# #...#
..........# ##.######


You could see Natasha.

Vanquished Creatures
  Natasha (twice) (D:2)
  An adder (D:2)
  2 oozes (D:1)
  A worm (D:2)
  2 bats (D:1)
  2 goblins (D:1)
  6 hobgoblins
  A frilled lizard (D:1)
  6 kobolds
  2 rats
25 creatures vanquished.

Notes
Turn   | Place    | Note
-------+----------+-------------------------------------------
     0 | D:1      | Hebeh the Deep Elf Fire Elementalist began the quest for the Orb.
     0 | D:1      | Reached XP level 1. HP: 10/10 MP: 6/6
    75 | D:1      | Reached XP level 2. HP: 1/15 MP: 0/8
   927 | D:2      | Reached XP level 3. HP: 20/20 MP: 3/10
  1097 | D:2      | Noticed Natasha
  1100 | D:2      | Killed Natasha
  1118 | D:2      | Found a white marble altar of Elyvilon.
  1139 | D:2      | Found a shattered altar of Ashenzari.
  1147 | D:2      | Found a stormy altar of Qazlal.
  1148 | D:2      | Found an opulent altar of Gozag.
  1158 | D:2      | Found a glowing golden altar of the Shining One.
  1159 | D:2      | Found an ancient bone altar of Kikubaaqudgha.
  1194 | D:2      | Noticed Natasha
  1200 | D:2      | Killed Natasha
  1200 | D:2      | Reached XP level 4. HP: 24/24 MP: 6/12
  1271 | D:2      | Noticed Natasha
  1276 | D:2      | Reached skill level 1 in Fighting
  1277 | D:2      | Slain by Natasha

Vault maps used:
D:1:      tarquinn_simple_flora_water_d, kennysheep_nondescript, grunt_decor_cap
D:2:      minitemple, uniq_natasha

Skill      XL: |  1  2  3  4 |
---------------+-------------+-----
Conjurations   | 2 |  2.5
Fire Magic     | 4 |  4.1
Spellcasting   | 4 |  4.2
Fighting       | 1 |  1.0
Dodging        | |  2.4
Stealth        | |  2.4

Action                   |  1- 3 |  4- 6 || total
-------------------------+-------+-------++-------
Melee: Short sword       |    15 |       ||    15
       Spear             |     6 |       ||     6
Throw: Stone             |    17 |     3 ||    20
 Cast: Flame Tongue      |    49 |     8 ||    57
  Eat: Chunk             |     1 |       ||     1
Armor: Robe              |     7 |       ||     7
Dodge: Dodged            |    43 |     3 ||    46

Table legend:
 A = Spawn XP
 B = Non-spawn XP
 C = Spawn XP percentage of total XP
 D = Spawn monster count
 E = Non-spawn monster count
 F = Spawn count percentage of total count
 G = Total turns spent on level
                    A         B        C        D         E        F      G
               +---------+---------+-------+---------+---------+-------+---------
         Total |       0 |     133 |   0.0 |       0 |      25 |   0.0 |  1277
               +---------+---------+-------+---------+---------+-------+---------
           D:1 |       0 |      34 |   0.0 |       0 |      14 |   0.0 |   847
           D:2 |       0 |      99 |   0.0 |       0 |      11 |   0.0 |   430
               +---------+---------+-------+---------+---------+-------+---------
